 Dungeon Crawl Stone Soup version 0.16-a0-286-g6bac339 (webtiles) character file.

94 Kashira the Gusty (level 4, -1/24 HPs)
             Began as a Tengu Air Elementalist on Aug 28, 2014.
             Slain by an adder (3 damage)
             ... on Level 2 of the Dungeon.
             The game lasted 00:09:30 (1585 turns).

Kashira the Gusty (Tengu Air Elementalist)          Turns: 1585, Time: 00:09:31

HP  -1/24        AC  2     Str  8      XL: 4   Next: 63%
MP   0/9         EV 13     Int 16      God:
Gold 16          SH  0     Dex 15      Spells:  3 memorised,  3 levels left

rFire  . . .     SeeInvis .     e - +0 mace
rCold  . . .     Clarity  .     a - +0 robe
rNeg   . . .     rCorr    .     (no shield)
rPois  .         rRot     .     (helmet restricted)
rElec  .         Spirit   .     (no cloak)
SustAb .         Warding  .     (no gloves)
rMut   .         Rnd*Tele +     (boots unavailable)
Gourm  .                        (no amulet)
MR     .....                    j - cursed ring of teleportation
                                i - cursed ring of loudness

@: lethally poisoned, not resistant to hostile enchantments, very unstealthy
A: beak, talons 3
a: Evoke Teleportation


You were on level 2 of the Dungeon.
You were not hungry.

You visited 1 branch of the dungeon, and saw 2 of its levels.

You collected 16 gold pieces.

Inventory:

Hand weapons
 e - a +0 mace (weapon)
Armour
 a - a +0 robe (worn)
Comestibles
 c - 2 bread rations
 f - a slice of pizza
 k - a meat ration
Jewellery
 i - a cursed ring of loudness (left hand)
 j - a cursed ring of teleportation (right hand)
Potions
 d - a potion of curing {unknown}
 h - 2 potions of magic {unknown}
Books
 b - a book of Air

   Spells                             Type                      Level
   *Shock                             Conjuration/Air              1
   *Swiftness                         Charms/Air                   2
   *Repel Missiles                    Charms/Air                   2
   Flight                             Charms/Air                   3
   Static Discharge                   Conjuration/Air              3
   Lightning Bolt                     Conjuration/Air              5


   Skills:
 + Level 0.2 Fighting
 + Level 2.7 Dodging
 + Level 2.2 Stealth
 + Level 2.7 Spellcasting
 + Level 2.6 Conjurations
 + Level 5.2 Air Magic


You had 3 spell levels left.
You knew the following spells:

 Your Spells              Type           Power        Failure   Level  Hunger
a - Shock                 Conj/Air       ##..         4%          1    #......
b - Repel Missiles        Chrm/Air       ##....       12%         2    ##.....
c - Swiftness             Chrm/Air       ##......     12%         2    ##.....


Dungeon Overview and Level Annotations

Branches:
Dungeon (2/15)

Altars:


Innate Abilities, Weirdness & Mutations

You have a beak for a mouth.
You have claws for feet.


Message History

Press: ? - help, Shift-Dir - straight line, f/p - adder
Aim: an adder (severely wounded)
The zap hits the adder.
The adder is severely wounded.
You feel sick. The adder bites you.
* * * LOW HITPOINT WARNING * * *
Casting: Shock
Confirm with . or Enter, or press ? or * to list all spells.
Aiming: Shock
Press: ? - help, Shift-Dir - straight line, f/p - adder
Aim: an adder (severely wounded)
The zap misses the adder.
The adder closely misses you. The adder bites you but does no damage.
Casting: Shock
Confirm with . or Enter, or press ? or * to list all spells.
Aiming: Shock
Press: ? - help, Shift-Dir - straight line, f/p - adder
Aim: an adder (severely wounded)
The zap misses the adder.
The adder bites you.
You die...

# #. ......#
#.###.##### ......#
##<..... ...# #...#.#
........###.####.....#
.....[..........%.#
.........####.##.##
.....###.## #.##%#
.....# #%.# #.##S# #
#.###..# #.##@#
#..%%.## ####.#
####### ### # #.


You could see an adder.

Vanquished Creatures
  4 adders (D:2)
  A worm (D:2)
  A giant mite (D:2)
  A giant gecko (D:1)
  3 ball pythons
  2 giant cockroaches
  9 goblins
  3 hobgoblins (D:1)
  4 jackals (D:1)
  7 bats
  A giant newt (D:2)
  4 kobolds (D:1)
  6 rats (D:1)
46 creatures vanquished.

Notes
Turn   | Place    | Note
--------------------------------------------------------------
     0 | D:1      | Kashira, the Tengu Air Elementalist, began the quest for the Orb.
     0 | D:1      | Reached XP level 1. HP: 10/10 MP: 3/3
   248 | D:1      | Reached XP level 2. HP: 9/15 MP: 0/5
   662 | D:1      | Reached XP level 3. HP: 15/19 MP: 5/7
  1283 | D:2      | Reached skill level 5 in Air Magic
  1283 | D:2      | Reached XP level 4. HP: 15/24 MP: 2/9
  1364 | D:2      | Learned a level 2 spell: Repel Missiles
  1367 | D:2      | Learned a level 2 spell: Swiftness
  1585 | D:2      | Slain by an adder

Action                   |  1- 3 |  4- 6 || total
-------------------------+-------+-------++-------
Melee: Unarmed           |     7 |       ||     7
       Club              |    20 |       ||    20
       Mace              |     2 |     1 ||     3
 Cast: Shock             |    69 |    25 ||    94
  Use: Scroll            |     5 |       ||     5
  Eat: Chunk             |     1 |     1 ||     2
       Pizza             |       |     1 ||     1
